 Dungeon Crawl Stone Soup version 0.29.1-1-gd02db6906a (webtiles) character file.

Game seed: 6039249618290393646

36794 InkqbDC the Severer (level 13, -4/133 HPs)
             Began as a Minotaur Berserker on Oct 7, 2022.
             Was a High Priest of Trog.
             Slain by an elephant (43 damage)
             ... on level 3 of the Lair of Beasts.
             The game lasted 00:39:46 (19196 turns).

InkqbDC the Severer (Minotaur Berserker)           Turns: 19196, Time: 00:39:46

Health: -4/133     AC: 23    Str: 29    XL:     13   Next: 54%
Magic:  12/12      EV:  2    Int:  4    God:    Trog [*****.]
Gold:   1087       SH:  0    Dex: 16    Spells: 12/12 levels left

rFire   . . .      SeeInvis .   M - +1 war axe (flame)
rCold   . . .      Faith    .   (no shield)
rNeg    + . .      Spirit   .   A - +0 plate armour
rPois   .          Reflect  .   (helmet restricted)
rElec   .          Harm     .   (no cloak)
rCorr   .          Rampage  .   N - +2 pair of gloves
Will    ++...                   g - +0 pair of boots
Stlth   ..........              (no amulet)
HPRegen 1.32/turn               R - ring "Cablur" {rN+ Str+2 Dex+6}
MPRegen 0.13/turn               m - +4 ring of slaying

@: sleeping, strong-willed, on berserk cooldown, regenerating, slowed
A: horns 2, retaliatory headbutt
a: Renounce Religion, Berserk, Trog's Hand, Brothers in Arms


You were on level 3 of the Lair of Beasts.
You worshipped Trog.
Trog was extremely pleased with you.
You visited 2 branches of the dungeon, and saw 17 of its levels.

You collected 1142 gold pieces.
You spent 55 gold pieces at shops.

Inventory:

Hand Weapons
 t - a +3 battleaxe
 w - a +0 hand axe
 M - a +1 war axe of flaming (weapon)
Armour
 g - a +0 pair of boots (worn)
 A - a +0 plate armour (worn)
 N - a +2 pair of gloves (worn)
Jewellery
 c - a ring of see invisible
 f - a +4 ring of protection
 h - a +6 ring of dexterity
 m - a +4 ring of slaying (right hand)
 s - a +4 ring of evasion
 E - a +6 ring of strength
 L - a ring of positive energy
 R - the ring "Cablur" (left hand) {rN+ Str+2 Dex+6}
   (You found it on level 12 of the Dungeon)

   [ring of dexterity]

   Str:       It affects your strength (+2).
   Dex:       It affects your dexterity (+6).
   rN:        It protects you from negative energy.
Wands
 a - a wand of paralysis (23)
 b - a wand of flame (25)
 x - a wand of acid (30)
 O - a wand of polymorph (4)
Scrolls
 d - 7 scrolls of teleportation
 e - 3 scrolls of identify
 j - a scroll of enchant weapon
 k - a scroll of summoning
 r - 4 scrolls of fear
 y - a scroll of enchant armour {unknown}
 B - a scroll of blinking
 D - 4 scrolls of brand weapon
 K - a scroll of butterflies
 S - 2 scrolls of magic mapping
Potions
 i - 2 potions of heal wounds
 l - 6 potions of curing
 n - 3 potions of ambrosia
 p - a potion of resistance {unknown}
 q - 3 potions of haste
 u - 2 potions of attraction {unknown}
 v - a potion of lignification {unknown}
 z - 4 potions of invisibility
 C - 6 potions of might
 G - a potion of cancellation {unknown}
 H - a potion of flight {unknown}
 J - 2 potions of magic
 Q - a potion of berserk rage {unknown}
Miscellaneous
 o - a lightning rod (4/4)


   Skills:
 + Level 17.5 Fighting
 + Level 18.0 Axes
 + Level 16.5 Armour
 + Level 4.6 Dodging
 - Level 1.0 Shields
 + Level 0.3 Evocations


You had 12 spell levels left.
You didn't know any spells.
Your spell library was empty.

Dungeon Overview and Level Annotations

Branches:
Dungeon (14/15)            Temple (0/1) D:6            Lair (3/5) D:10
  Swamp (0/4) Lair:2       Spider (0/4) Lair:3          Orc (0/2) D:10
 Vaults: D:13-14

Altars:
Ashenzari
Elyvilon
Fedhas
Gozag
Kikubaaqudgha
Makhleb
Nemelex Xobeh
Okawaru
Ru
Sif Muna
Trog
Wu Jian
Yredelemnul
Zin
The Shining One

Shops:
D:2 !   D:11 *

Annotations:
D:10 exclusion: orange crystal statue


Innate Abilities, Weirdness & Mutations

You have a pair of horns on your head.
You reflexively headbutt those who attack you in melee.


Message History

The elephant tramples you but does no damage.
The elephant trunk-slaps you but does no damage.
A dream sheep comes into view.
The dream sheep barely misses you. The elephant tramples you.
You stumble backwards!
The dream sheep moves out of view.
You hit the elephant. You burn the elephant.
You headbutt the elephant, but do no damage.
The elephant is severely wounded.
You hit the elephant. You burn the elephant.
You feel sick. The elephant tramples you.
You stumble backwards!
The dream sheep bleats!
You slash the elephant! You burn the elephant!
You kill the elephant!
Trog accepts your kill.
You hit the elephant. You burn the elephant.
You kill the elephant!
Trog accepts your kill.
You slash the dream sheep! You burn the dream sheep.
You kill the dream sheep!
Trog accepts your kill.
You feel sick.
A dream sheep comes into view.
Your Axes skill increases to level 18!
Okay, then.
Your skin crawls.
You feel strong-willed.
You feel sick. The elephant barely misses you. You furiously retaliate!
You headbutt the elephant.
The elephant trunk-slaps you but does no damage.
The elephant tramples you.
* * * LOW HITPOINT WARNING * * *
You stumble backwards!
You completely miss the elephant. You headbutt the elephant!
The elephant is almost dead.
You feel sick.
You are no longer poisoned.
The dream sheep shake their wool and sparkle.
You feel drowsy...
You fall asleep.
The elephant tramples you!!!
You die...

^..###...#.##
^...###...)#
#
#.........#.#
#
#......†####
# ..###..†#†#
###
#........##
#..
#.<.#..††.#
##.
#...#...Y.#
##..
#......Y@.#
#..#
..[Y.....#
##..
...Y......#
########..#
..Y##>..###
###.#.#.##..#
..# #####
#...........?
........[...#
..........).#
.........#...
...hh ##..
..........#..


You could see an elephant and 4 dream sheep.

Vanquished Creatures
  4 hydras
  A boulder beetle (Lair:1)
  A centaur warrior (D:9)
  3 two-headed ogres
  A tengu warrior (D:9)
  2 bog bodies (Lair:2)
  Pikel (D:9)
  2 deep elf pyromancers (D:13)
  3 cyclopes
  2 ugly things
  Joseph (D:9)
  10 elephants
  5 cane toads
  5 kobold demonologists
  2 black mambas (Lair:2)
  A rime drake (Lair:3)
  3 komodo dragons
  3 trolls
  Grinder (D:4)
  Prince Ribbit (D:8)
  15 blink frogs
  2 dream sheep (Lair:3)
  A vampire (D:9)
  A shadow (D:10)
  2 wyverns (D:9)
  35 yaks
  A steam dragon (D:8)
  4 wraiths
  2 redbacks (Lair:3)
  A basilisk (Lair:1)
  Menkaure (D:4)
  Edmund (D:4)
  A swamp worm (Lair:2)
  2 acid dragons
  A floating eye (shapeshifter) (D:9)
  8 water moccasins
  9 orc warriors
  Pargi (D:4)
  2 ice beasts (D:6)
  3 black bears
  A sky beast (D:5)
  2 ogres (D:5)
  6 wolves (Lair:3)
  3 lemures (D:9)
  2 phantoms
  5 kobold brigands
  3 gnoll sergeants
  7 bullfrogs
  A necrophage (D:5)
  8 scorpions
  4 wights (D:7)
  A vampire bat (D:6)
  11 killer bees
  5 electric eels
  2 howler monkeys
  8 orc priests
  4 hounds
  6 iguanas
  Terence (D:2)
  9 orc wizards
  11 adders
  19 gnolls
  2 ufetubi (D:6)
  2 worms (D:4)
  3 dart slugs
  48 orcs
  4 bat skeletons (D:6)
  A bat zombie (D:6)
  5 endoplasms
  A giant cockroach (D:2)
  5 goblins
  3 hobgoblins
  11 jackals
  3 quokkas
  6 ball pythons
  13 bats
  2 frilled lizards
  24 kobolds
  6 rats
  A spectral orc (D:9)
404 creatures vanquished.

Vanquished Creatures (collateral kills)
  A manticore (D:13)
1 creature vanquished.

Vanquished Creatures (others)
  11 fungi
  39 plants
50 creatures vanquished.

Grand Total: 455 creatures vanquished

Notes
Turn   | Place    | Note
-------+----------+-------------------------------------------
     0 | D:1      | InkqbDC the Minotaur Berserker began the quest for the Orb.
     0 | D:1      | Reached XP level 1. HP: 19/19 MP: 0/0
   254 | D:1      | Reached XP level 2. HP: 27/27 MP: 1/1
   331 | D:1      | Reached skill level 4 in Axes
  1039 | D:2      | Found Wuluhyef's Distillery.
  1088 | D:2      | Reached XP level 3. HP: 33/33 MP: 2/2
  1254 | D:2      | Reached ** piety under Trog
  1740 | D:2      | Bought a potion of heal wounds for 55 gold pieces
  1922 | D:3      | Noticed Terence
  1924 | D:3      | Reached XP level 4. HP: 37/41 MP: 3/3
  1969 | D:2      | Killed Terence
  1970 | D:2      | Reached skill level 5 in Axes
  2414 | D:3      | Noticed a floating eye
  2416 | D:3      | Found a faded altar of an unknown god.
  2417 | D:3      | Noticed an eye of devastation
  2417 | D:3      | Noticed a golden eye
  2417 | D:3      | Noticed a golden eye
  2486 | D:3      | Reached XP level 5. HP: 47/47 MP: 4/4
  2556 | D:4      | Noticed a black bear
  2586 | D:4      | Noticed Edmund
  2594 | D:4      | Killed Edmund
  2595 | D:4      | Reached skill level 5 in Fighting
  2636 | D:4      | Noticed Menkaure
  2637 | D:4      | Noticed Grinder
  2650 | D:4      | Killed Menkaure
  2651 | D:4      | Reached skill level 6 in Axes
  2651 | D:4      | Reached XP level 6. HP: 56/56 MP: 5/5
  2679 | D:5      | Entered Level 5 of the Dungeon
  2694 | D:5      | Found a sacrificial altar of Ru.
  2700 | D:5      | Noticed an ice beast
  2784 | D:6      | Killed an ice beast
  2785 | D:6      | Reached skill level 5 in Armour
  2817 | D:5      | Reached XP level 7. HP: 61/61 MP: 6/6
  3205 | D:5      | Reached skill level 7 in Axes
  3611 | D:4      | Reached XP level 8. HP: 70/70 MP: 7/7
  3622 | D:4      | Reached skill level 8 in Axes
  3808 | D:4      | Found a bloodstained altar of Trog.
  3827 | D:4      | Noticed Pargi
  3840 | D:4      | Killed Pargi
  3952 | D:4      | Killed Grinder
  4016 | D:4      | Reached skill level 9 in Axes
  4134 | D:4      | Reached *** piety under Trog
  4837 | D:5      | Reached XP level 9. HP: 77/81 MP: 8/8
  4919 | D:6      | Found an ancient bone altar of Kikubaaqudgha.
  5038 | D:6      | Reached skill level 10 in Axes
  5205 | D:6      | Found a glowing golden altar of the Shining One.
  5205 | D:6      | Found a white marble altar of Elyvilon.
  5205 | D:6      | Found a glowing silver altar of Zin.
  5272 | D:6      | Reached skill level 1 in Shields
  5343 | D:6      | Found a staircase to the Ecumenical Temple.
  5852 | D:7      | Found an opulent altar of Gozag.
  5925 | D:7      | Noticed a two-headed ogre
  6191 | D:7      | Reached skill level 11 in Axes
  6345 | D:7      | Found an iron altar of Okawaru.
  6345 | D:7      | Found a broken altar of Ashenzari.
  6346 | D:7      | Found a blossoming altar of Fedhas.
  6385 | D:7      | Killed a two-headed ogre
  6386 | D:7      | Reached skill level 10 in Fighting
  6386 | D:7      | Reached skill level 10 in Armour
  6415 | D:7      | Found a burning altar of Makhleb.
  6737 | D:8      | Reached XP level 10. HP: 82/93 MP: 9/9
  6800 | D:8      | Found an ornate altar of the Wu Jian Council.
  6852 | D:8      | Noticed Prince Ribbit
  6858 | D:8      | Killed Prince Ribbit
  6911 | D:8      | Reached skill level 12 in Axes
  7029 | D:8      | You fall into a shaft and drop 2 floors!
  7029 | D:10     | Entered Level 10 of the Dungeon
  7087 | D:9      | Reached **** piety under Trog
  7250 | D:9      | Noticed Pikel
  7259 | D:9      | Killed Pikel
  7265 | D:9      | Noticed a cyclops
  7324 | D:9      | Killed a cyclops
  7450 | D:9      | Noticed a centaur warrior
  7462 | D:9      | Noticed a cyclops
  7472 | D:9      | Noticed a tengu warrior
  7505 | D:9      | Reached skill level 13 in Axes
  7606 | D:9      | Found a basalt altar of Yredelemnul.
  7677 | D:9      | Killed a cyclops
  7693 | D:9      | Noticed a great orb of eyes
  8075 | D:8      | Found a shimmering blue altar of Sif Muna.
  8311 | D:8      | Reached skill level 14 in Axes
  8319 | D:8      | Reached XP level 11. HP: 90/105 MP: 10/10
  8715 | D:9      | Noticed Joseph
  8729 | D:9      | Killed Joseph
  9009 | D:9      | Paralysed by a floating eye for 3 turns
  9273 | D:9      | Found a sparkling altar of Nemelex Xobeh.
  9306 | D:9      | Found the +2 ratskin cloak {*Rats rPois rN+ Str-1 Int-1
                  | Dex+1}
  9383 | D:9      | Killed a tengu warrior
  9474 | D:9      | Identified the +0 helmet of Nyups {+Inv rN+++ MP+9 Dex-4}
 10153 | D:9      | Killed a centaur warrior
 10846 | D:10     | Found a staircase to the Lair.
 11115 | D:10     | Noticed an orange crystal statue
 11711 | D:10     | Found a staircase to the Orcish Mines.
 11898 | D:11     | Reached skill level 15 in Axes
 12094 | D:11     | Reached ***** piety under Trog
 12366 | D:11     | Found Iclimywk's Neck Hole.
 12460 | D:11     | Noticed a two-headed ogre
 12465 | D:11     | Killed a two-headed ogre
 12508 | D:11     | Noticed a brown ugly thing
 12520 | D:11     | Killed a brown ugly thing
 13115 | D:12     | Identified the ring "Cablur" {rN+ Str+2 Dex+6}
 13217 | D:12     | Noticed a two-headed ogre
 13223 | D:12     | Killed a two-headed ogre
 13224 | D:12     | Reached XP level 12. HP: 79/118 MP: 11/11
 13391 | D:12     | Reached skill level 16 in Axes
 14659 | D:13     | Noticed a seven-headed hydra
 14672 | D:13     | Killed a six-headed hydra
 15507 | Lair:1   | Entered Level 1 of the Lair of Beasts
 15507 | Lair:1   | Noticed a four-headed hydra
 15520 | D:10     | Killed a two-headed hydra
 15521 | D:10     | Reached skill level 15 in Fighting
 15993 | Lair:1   | Noticed a boulder beetle
 16016 | Lair:1   | Killed a boulder beetle
 16958 | Lair:1   | Reached skill level 15 in Armour
 17536 | Lair:2   | Reached skill level 17 in Axes
 17554 | Lair:2   | Reached XP level 13. HP: 130/130 MP: 12/12
 18134 | Lair:2   | Found a staircase to the Swamp.
 19149 | Lair:3   | Found a hole to the Spider Nest.
 19195 | Lair:3   | Reached skill level 18 in Axes
 19196 | Lair:3   | Slain by an elephant

Illustrated notes

Levels and vault maps discovered:
D:1:      shiori_arrival_elements, layout_basic
D:2:      layout_rooms, serial_shops, nicolae_shop_behind_doors,
          chequers_serial_rivers_large_b, grunt_decor_junction,
          nicolae_concentric_dashed_squares_wild, chequers_serial_rivers_micro_b
D:3:      layout_loops_cross, hellmonk_ecumenical_altar_watching_god,
          uniq_terence
D:4:      layout_gridville, amcnicky_altar_gilded,
          cheibrodos_sewer_entry_sluice, solitary_fountain,
          minmay_tree_intersection, minmay_manual_mail, uniq_grinder,
          uniq_menkaure, uniq_pargi, uniq_edmund
D:5:      layout_gridville, nicolae_ru_sacrificial_ziggurat, grunt_tough_drop
D:6:      layout_basic, dreamdust_divine_triumvirate, kennysheep_vampire_church,
          minmay_temple_entry_sparse_star
D:7:      layout_basic, mainiacjoe_overflow_paths, mainiacjoe_overflow_24_doors,
          gammafunk_temple_overflow_claw, minmay_small_thing
D:8:      old_forge, layout_basic, kennysheep_orc_sif_temple,
          nzn_wu_jian_council_hall, uniq_prince_ribbit1
D:9:      layout_rooms, yredelemnul_forgotten_temple_becter,
          nemelex_altar_shiori, minmay_fractal_squares_gapless_7, uniq_pikel,
          uniq_joseph
D:10:     layout_long_grid, david_lair_shrubbed, erik_orc_2, enter_bailey_7,
          minmay_statue_bubble
D:11:     layout_roguey, nicolae_shop_sticking_my_neck_out
D:12:     layout_basic
D:13:     layout_layer_cave
D:14:     layout_small_grid, david_vaults_4, serial_park_tiny_1, serial_shops,
          shop, grunt_decor_resistance, nicolae_stop_n_shop_1,
          nicolae_shop_overcharged_wands
Lair:1:   layout_gridlike, serial_bayou_shore_b
Lair:2:   layout_long_grid, nicolae_swamp_entry_splash_gauntlet
Lair:3:   layout_cave_pods, spider_nest_entry_webs, grunt_megastairs_4,
          uniq_josephine

Skill      XL: |  1  2  3  4  5  6  7  8  9 10 11 12 13 |
---------------+----------------------------------------+-----
Fighting       | 4 5 8 10 12 14 16 17 | 17.5
Axes           | 4 5 6 7 9 11 14 15 17 18 | 18.0
Armour         | 3 4 5 6 8 10 11 13 15 16 | 16.5
Dodging        | 3 4 |  4.6
Shields        | 1 |  1.0
Evocations     | |  0.3

Action                   |  1- 3 |  4- 6 |  7- 9 | 10-12 | 13-15 || total
-------------------------+-------+-------+-------+-------+-------++-------
Melee: Hand axe          |    74 |    41 |   237 |   256 |       ||   608
       Headbutt          |     8 |     7 |    60 |   119 |    32 ||   226
       Punch             |       |       |     1 |       |     1 ||     2
       War axe           |       |       |       |   218 |   107 ||   325
       Battleaxe         |       |       |       |    63 |       ||    63
Invok: Berserk           |     1 |     5 |     5 |    13 |     1 ||    25
       Trog's Hand       |       |     3 |     4 |     5 |     1 ||    13
       Brothers in Arms  |       |       |       |     1 |       ||     1
Evoke: Wand              |       |       |       |     1 |       ||     1
  Use: Scroll            |     4 |     1 |       |    19 |     1 ||    25
       Potion            |       |     2 |       |       |     2 ||     4
Armor: Animal skin       |     5 |       |       |       |       ||     5
       Ring mail         |    19 |       |       |       |       ||    19
       Chain mail        |     8 |    42 |   109 |       |       ||   159
       Plate armour      |       |       |    16 |   292 |    65 ||   373
Dodge: Dodged            |    67 |    35 |   101 |   173 |    67 ||   443
Block: Buckler           |       |       |    13 |    22 |       ||    35
       Kite shield       |       |       |       |     9 |       ||     9
